 Dungeon Crawl Stone Soup version 0.30-a0-782-ge64f9170bb (webtiles) character file.

Game seed: 1992040968947837814

380 Dirtsage the Chopper (level 6, -1/47 HPs)
             Began as a Demonspawn Fighter on Mar 9, 2023.
             Slain by an orc priest
             ... wielding a +0 trident
              (2 damage)
             ... on level 4 of the Dungeon.
             The game lasted 00:07:10 (3002 turns).

Dirtsage the Chopper (Demonspawn Fighter)           Turns: 3002, Time: 00:07:11

Health: -1/47      AC:  6    Str: 19    XL:     6   Next: 46%
Magic:  6/6        EV:  9    Int: 11    God:
Gold:   106        SH:  0    Dex: 12    Spells: 5/5 levels left

rFire   . . .      SeeInvis .    a - +0 war axe
rCold   + . .      Faith    .    c - +0 buckler
rNeg    . . .      Spirit   .    b - +0 scale mail
rPois   .          Reflect  .    (no helmet)
rElec   .          Harm     .    (no cloak)
rCorr   .          Rampage  .    (no gloves)
Will    .....                    (no boots) Stlth
                                 (no amulet)
HPRegen 0.27/turn                I - ring of protection from cold
MPRegen 0.10/turn                (no ring)

@: confused, lethally poisoned (-1 -> -4)
A: demonic guardian 1, big brain 1
a: no special abilities


You were on level 4 of the Dungeon.
You visited 1 branch of the dungeon, and saw 4 of its levels.

You collected 238 gold pieces.
You spent 132 gold pieces at shops.

Inventory:

Hand Weapons
 a - a +0 war axe (weapon)
 s - a +2 mace of protection
Armour
 b - a +0 scale mail (worn)
 c - a +0 buckler (worn)
 n - a scarf of harm
Magical Staves
 e - a staff of cold
Jewellery
 I - a ring of protection from cold (left hand)
Scrolls
 g - 4 scrolls of noise {unknown}
 i - 2 scrolls of enchant armour {unknown}
 l - 2 scrolls of identify {unknown}
 p - a scroll of teleportation {unknown}
 q - a scroll of magic mapping {unknown}
 r - a scroll of brand weapon {unknown}
Potions
 d - 2 potions of might
 f - 2 potions of haste {unknown}
 h - 2 potions of brilliance {unknown}
 j - 2 potions of curing {unknown}
 k - a potion of mutation {unknown}
 m - 2 potions of heal wounds {unknown}
 o - 2 potions of flight {unknown}
 t - a potion of invisibility


   Skills:
 - Level 3.0 Fighting
 + Level 6.3 Axes
 - Level 2.6 Armour
 - Level 2.6 Shields


You had 5 spell levels left.
You didn't know any spells.
Your spell library contained the following spells:

 Spells                   Type           Power      Damage    Failure   Level
 Magic Dart               Conj           0%         1d3       82%         1
 Necrotise                Necr           0%         1d4       82%         1
 Searing Ray              Conj           0%         2d4       91%         2
 Frozen Ramparts          Ice            0%         1d1       99%         3
 Portal Projectile        Hex/Tloc       0%         N/A       99%         3
 Tukima's Dance           Hex            0%         N/A       99%         3
 Vampiric Draining        Necr           0%         2d6       99%         3
 Fulminant Prism          Conj/Hex       0%         3d5       100%        4
 Agony                    Necr           0%         N/A       100%        5
 Blade Hands              Tmut           0%         N/A       100%        5
 Summon Horrible Things   Summ           0%         N/A       100%        8
 Dragon's Call            Summ           0%         N/A       100%        9


Dungeon Overview and Level Annotations

Branches:
Dungeon (4/15)
 Temple: D:4-7

Altars:
Cheibriados
Gozag
Trog

Shops:
D:4 !

Annotations:
D:2 1 runed translucent door, Crazy Yiuf


Innate Abilities, Weirdness & Mutations

A weak demonic guardian rushes to your aid.
You have an unusually large brain. (Int +2)


Message History

You block the orc priest's attack. You block the orc's attack.
You take 6 damage, and have 21/47 hp.
You hit the orc wizard.
The orc wizard is almost dead.
You hit the orc. You slash the orc!
You kill the orc!
You feel very sick. The orc misses you.
The orc wizard points at you and mumbles some strange words.
You are confused.
The orc priest barely misses you.
You take 2 damage, and have 19/47 hp.
You closely miss the orc wizard.
The orc wizard is almost dead.
You hit the orc.
You feel very sick. The orc barely misses you.
The orc priest barely misses you.
The orc wizard hits you but does no damage.
You take 3 damage, and have 16/47 hp.
You closely miss the orc wizard.
The orc wizard is almost dead.
You slash the orc!
You kill the orc!
You feel sick. The orc priest misses you.
The orc wizard casts a spell.
The orc wizard flickers and vanishes!
Deactivating autopickup; reactivate with Ctrl-A.
You take 2 damage, and have 14/47 hp.
You miss something.
You feel sick.
The orc priest hits you from afar with a +0 trident.
* * * LOW HITPOINT WARNING * * *
Something hits you.
* * * LOW HITPOINT WARNING * * *
You hear some strange, mumbled words.
A puff of flame appears from out of thin air!
The puff of flame hits you!
* * * LOW HITPOINT WARNING * * *
A demonic guardian appears!
The orc priest hits you from afar with a +0 trident.
You die...

)########..####...###
#.. .# #...# ##### ##
##..## # ##..## #
##..## # ##..## #
#...## ##$5.## ##.@.#
# #)){# ## ##..o#
.### ##.... ...##
#.... ....### ......
......## #.....
#..#...##### #....
####........


You could see an orc priest (ally target) and a friendly iron imp (summoned,
wandering).

Vanquished Creatures
  Menkaure (D:4)
  A centaur (D:3)
  Terence (D:2)
  4 gnolls (D:4)
  2 adders
  A worm (D:3)
  7 dart slugs
  6 orcs (D:4)
  6 ball pythons
  6 endoplasms
  2 giant cockroaches (D:4)
  3 goblins
  4 hobgoblins
  8 jackals (D:1)
  5 kobolds
  6 bats
  4 frilled lizards
  7 rats
74 creatures vanquished.

Vanquished Creatures (others)
  A fungus (D:3)
1 creature vanquished.

Grand Total: 75 creatures vanquished

Notes
Turn   | Place    | Note
-------+----------+-------------------------------------------
     0 | D:1      | Dirtsage the Demonspawn Fighter began the quest for the
                  | Orb.
     0 | D:1      | Reached XP level 1. HP: 18/18 MP: 1/1
    12 | D:1      | Reached skill level 2 in Axes
    71 | D:1      | Gained mutation: You have an unusually large brain. (Int
                  | +2) [demonic ancestry]
    71 | D:1      | Reached XP level 2. HP: 24/24 MP: 2/2
   226 | D:1      | Reached skill level 3 in Axes
   416 | D:1      | Reached XP level 3. HP: 29/29 MP: 3/3
   601 | D:2      | Found a faded altar of an unknown god.
   660 | D:2      | Noticed Terence
   672 | D:2      | Killed Terence
   867 | D:2      | Reached skill level 4 in Axes
   867 | D:2      | Gained mutation: A weak demonic guardian rushes to your
                  | aid. [demonic ancestry]
   867 | D:2      | Reached XP level 4. HP: 32/35 MP: 4/4
  1415 | D:2      | Found a runed translucent door.
  1416 | D:2      | Noticed Crazy Yiuf
  1644 | D:3      | Noticed a centaur
  1657 | D:3      | Killed a centaur
  1658 | D:3      | Reached skill level 5 in Axes
  1658 | D:3      | Reached XP level 5. HP: 31/41 MP: 5/5
  1815 | D:3      | Found a snail-covered altar of Cheibriados.
  1894 | D:3      | Found a bloodstained altar of Trog.
  2169 | D:3      | Found an opulent altar of Gozag.
  2308 | D:4      | Got the Essays on Icy Assembling
  2747 | D:4      | Noticed Menkaure
  2753 | D:4      | Killed Menkaure
  2754 | D:4      | Reached skill level 6 in Axes
  2754 | D:4      | Reached XP level 6. HP: 47/47 MP: 6/6
  2824 | D:4      | Found Qiahydd's Distillery.
  2832 | D:4      | Bought a potion of invisibility for 88 gold pieces
  2832 | D:4      | Bought a potion of might for 44 gold pieces
  3002 | D:4      | HP: 1/47 [something/puff of flame (9)]
  3002 | D:4      | Slain by an orc priest

Illustrated notes

Levels and vault maps discovered:
D:1:      dpeg_arrival_rooms_with_view, layout_basic
D:2:      layout_basic, shapermc_ecumenical_altar_mp_highgroup,
          uniq_crazy_yiuf_cottage, uniq_terence
D:3:      layout_loops_cross, mainiacjoe_overflow_24_doors,
          mainiacjoe_overflow_alcove_1, mainiacjoe_overflow_brackets,
          minmay_misc_feat_plants, st_stairs_3
D:4:      layout_cave_pods, serial_shops, nicolae_stop_n_shop_2,
          uniq_blork_the_orc, uniq_menkaure

Skill      XL: |  1  2  3  4  5 |
---------------+----------------+-----
Axes           | 2 3 4 5 6 |  6.3
Fighting       | |  3.0
Armour         | |  2.6
Shields        | |  2.6

Action                     |  1- 3 |  4- 6 || total
---------------------------+-------+-------++-------
  Melee: War axe           |    76 |   151 ||   227
    Use: Potion            |       |     1 ||     1
 Armour: Scale mail        |    46 |    51 ||    97
  Dodge: Dodged            |    38 |    67 ||   105
  Block: Buckler           |    15 |    38 ||    53

Table legend: (Time is in decaauts)
 A = Elapsed time spent in this place.
 B = Non-inter-level travel time spent in this place.
 C = Inter-level travel time spent in this place.
 D = Time resting spent in this place.
 E = Time spent auto-exploring this place.
 F = Levels seen in this place.
 G = Mean time per level.
                   A        B        C        D        E       F      G
               +--------+--------+--------+--------+--------+-----+--------+
         Total |   3076 |   3014 |     62 |    107 |   2341 |   4 |  769.0 |
       Dungeon |   3076 |   3014 |     62 |    107 |   2341 |   4 |  769.0 |
               +--------+--------+--------+--------+--------+-----+--------+

Top non-repeatable levels by time:
     D:2: 960 daAuts
     D:3: 783 daAuts
     D:4: 721 daAuts
     D:1: 610 daAuts
